 Dungeon Crawl Stone Soup version 0.27.0-1-g7a089689b8 (webtiles) character file.

Game seed: 17214991713438704268

1258 sakkuzi the Skirmisher (level 8, -11/106 HPs)
             Began as a Minotaur Berserker on Aug 14, 2021.
             Was a Priest of Trog.
             Mangled by Pikel (20 damage)
             ... on level 5 of the Dungeon.
             The game lasted 00:11:19 (4291 turns).

sakkuzi the Skirmisher (Minotaur Berserker)         Turns: 4291, Time: 00:11:20

Health: -11/106    AC: 12    Str: 29    XL:     8   Next: 27%
Magic:  7/7        EV: 11    Int:  4    God:    Trog [***...]
Gold:   312        SH:  0    Dex: 17    Spells: 7/7 levels left

rFire    . . .     SeeInvis .   x - +2 flail (vorpal) {mace}
rCold    + . .     Faith    .   (no shield)
rNeg     . . .     Spirit   .   n - +2 chain mail {rC+}
rPois    .         Reflect  .   (helmet restricted)
rElec    .         Harm     .   (no cloak)
rCorr    .         Rampage  .   (no gloves)
Will     .....                  (no boots)
Stlth    ..........             (no amulet)
HPRegen  0.27/turn              c - +6 ring of strength
MPRegen  0.10/turn              v - +6 ring of dexterity

@: berserking, very quick
A: horns 2, retaliatory headbutt
a: Renounce Religion, Berserk, Trog's Hand


You were on level 5 of the Dungeon.
You worshipped Trog.
Trog was most pleased with you.
You visited 1 branch of the dungeon, and saw 5 of its levels.

You collected 312 gold pieces.


Innate Abilities, Weirdness & Mutations

You have a pair of horns on your head.
You reflexively headbutt those who attack you in melee.


   Skills:
 + Level 6.7 Fighting
 - Level 5.3(6.5) Axes
 * Level 5.5(6.5) Maces & Flails
 + Level 6.0 Armour
 + Level 5.5 Dodging


You had 7 spell levels left.
You didn't know any spells.
Your spell library contained the following spells:

 Spells                   Type           Power      Damage    Failure   Level
 Beastly Appendage        Tmut           0%         N/A       95%         1
 Summon Small Mammal      Summ           0%         N/A       95%         1
 Corpse Rot               Necr/Air       N/A        N/A       99%         2
 Wereblood                Tmut           0%         N/A       99%         2
 Call Canine Familiar     Summ           0%         N/A       100%        3
 Gell's Gravitas          Tloc           0%         N/A       100%        3
 Lesser Beckoning         Tloc           0%         N/A       100%        3
 Spider Form              Tmut/Pois      0%         N/A       100%        3
 Stone Arrow              Conj/Erth      0%         3d7       100%        3
 Summon Guardian Golem    Hex/Summ       0%         N/A       100%        3
 Teleport Other           Tloc           0%         N/A       100%        3
 Animate Armour           Summ/Erth      0%         N/A       100%        4
 Dispel Undead            Necr           0%         3d6       100%        4
 Death Channel            Necr           0%         N/A       100%        6
 Lehudib's Crystal Spear  Conj/Erth      0%         10d2      100%        8

Inventory:

Hand Weapons
 a - a +0 hand axe {axe}
 o - a +0 trident {polearm}
   (You took it off Terence on level 2 of the Dungeon)
 p - a +0 dagger of electrocution {short}
   (You found it on level 2 of the Dungeon)
 x - a +2 vorpal flail (weapon) {mace}
   (You took it off an orc on level 4 of the Dungeon)
Missiles
 d - 56 stones (quivered) {throwing}
 q - 47 arrows
 r - 44 sling bullets
 w - 4 atropa-tipped darts {throwing}
Armour
 b - a +0 animal skin
 e - a +0 leather armour
   (You found it on level 1 of the Dungeon)
 n - a +2 chain mail of cold resistance (worn)
   (You took it off Terence on level 2 of the Dungeon)
Jewellery
 c - a +6 ring of strength (left hand)
   (You found it on level 1 of the Dungeon)
 v - a +6 ring of dexterity (right hand)
   (You found it on level 3 of the Dungeon)
Scrolls
 g - 2 scrolls of fear
 i - 4 scrolls of teleportation {@r4}
 j - a scroll of blinking {unknown}
 k - a scroll of fog {unknown}
 l - a scroll of enchant armour {unknown}
 u - a scroll of amnesia {unknown}
 y - a scroll of holy word {unknown}
Potions
 h - a potion of might {unknown}
 m - a potion of attraction {unknown}
 s - 2 potions of resistance
 t - a potion of curing {unknown}
 z - a potion of lignification {!q}

Dungeon Overview and Level Annotations

Branches:
Dungeon (5/15)
 Temple: D:4-7

Altars:
Elyvilon
Kikubaaqudgha
Nemelex Xobeh
Xom

Shops:
D:4 **=

Annotations:
D:4 2 transporters, Spaninq's ghost, novice NaBr
D:5 Pikel

.# #..#....###..## .
#.........#...## #
#.....##.......#
#..............#
....#..........##
..####...†....##.# ##
....#..........#.##.##
.............K.....##
....#.........@......#
≈≈..........##.......###
≈≈..........##.......#
≈≈..................##
≈≈........##.......##
≈≈..#....##......###
.≈..#.#..#......##
.≈....##...#>....#
..................#


You could see Pikel.


Message History

That felt strangely unrewarding.
The lemure hits you! 😮 HP[-7]
You take 7 damage, and now have 67/106 hp.
The lemure hits you but does no damage.
You see here the human corpse of Prince Ribbit.
You barely miss the lemure. You bludgeon the lemure!!
You kill the lemure!
That felt strangely unrewarding. 😮 HP[+1]
You feel a strong urge to attack something.
You are no longer berserk.
You are exhausted.
You feel yourself slow down.
You see here the human corpse of Prince Ribbit. 😮 HP[-23]
You now have 71 max hp (-35). 😮 HP[+1]
You start resting.
A water moccasin is nearby! 😮 HP[+2]
You regained 2 hp, and now have 48/71 hp.
The water moccasin hisses angrily.
The water moccasin bites you.
You are poisoned.
The water moccasin poisons you! 😮 HP[-2]
You take 2 damage, and now have 46/71 hp.
You sock the water moccasin!
You feel very sick. The water moccasin closely misses you.
The water moccasin bites you but does no damage. x2 😮 HP[-4]
You take 4 damage, and now have 42/71 hp.
You hit the water moccasin.
You feel very sick.
The water moccasin bites you but does no damage.
The water moccasin closely misses you. 😮 HP[-4]
You take 4 damage, and now have 38/71 hp.
You thump the water moccasin!
You feel sick.
The water moccasin closely misses you. x2 😮 HP[-1]
You take 1 damage, and now have 37/71 hp.
You closely miss the water moccasin.
You feel sick. The water moccasin bites you.
* * * LOW HITPOINT WARNING * * *
The water moccasin bites you.
* * * LOW HITPOINT WARNING * * *
😨 HP[-9]
You take 9 damage, and now have 28/71 hp.
You barely miss the water moccasin.
Your headbutt misses the water moccasin.
You feel sick.
The water moccasin bites you but does no damage.
The water moccasin closely misses you. You furiously retaliate!
You headbutt the water moccasin!
You kill the water moccasin!
Trog accepts your kill.
Your Armour skill increases to level 6! 😨 HP[-1]
You take 1 damage, and now have 27/71 hp.
You start resting.
You feel sick.
You are no longer poisoned.
Pikel is nearby! 😨 HP[-1]
You take 1 damage, and now have 26/71 hp.
Pikel shouts!
Pikel is nearby! 😨 HP[+1]
You feel yourself speed up. 😨 HP[+1] 😨 HP[+1]
You recover from your berserk rage.
You closely miss Pikel. Your headbutt misses Pikel.
Pikel hits you but does no damage.
Your chain mail prevents you from hitting Pikel.
Pikel says, "You'll make a fine lemure."
Pikel barely misses you.
You hit Pikel. Your headbutt misses Pikel. Pikel hits you but does no damage.
You are electrocuted!
* * * LOW HITPOINT WARNING * * *
😨 HP[-7]
You take 7 damage, and now have 22/71 hp.
You sock Pikel!
Pikel hits you with a +0 whip of electrocution.
* * * LOW HITPOINT WARNING * * *
You are electrocuted!
* * * LOW HITPOINT WARNING * * *
Pikel hits you but does no damage. 😱 HP[-13]
You take 13 damage, and now have 9/71 hp.
Okay, then.
Okay, then.
A red film seems to cover your vision as you go berserk!
You feel yourself moving faster!
You feel mighty!
Pikel hits you with a +0 whip of electrocution.
* * * LOW HITPOINT WARNING * * *
You are electrocuted!!
You die...

Skill      XL: |  1  2  3  4  5  6  7  8 |
---------------+-------------------------+-----
Fighting       | 4 5 6 |  6.7
Axes           | 4 5 |  5.3
Armour         | 3 4 5 6 |  6.0
Dodging        | 3 4 5 |  5.5
Maces & Flails | 2 5 |  5.5

Action                   |  1- 3 |  4- 6 |  7- 9 || total
-------------------------+-------+-------+-------++-------
Melee: Hand axe          |    46 |   110 |       ||   156
       Headbutt          |     9 |    29 |     8 ||    46
       Flail             |       |    16 |    44 ||    60
Throw: Stone             |     9 |     2 |       ||    11
Invok: Berserk           |     1 |     2 |     3 ||     6
  Use: Scroll            |     1 |     2 |     1 ||     4
Armor: Animal skin       |     8 |       |       ||     8
       Leather armour    |     2 |     4 |       ||     6
       Chain mail        |       |    66 |    40 ||   106
Dodge: Dodged            |    28 |    65 |    36 ||   129

Levels and vault maps discovered:
D:1:      sevenhm_arrival_forest_fort_large_4, layout_basic,
          minmay_tiny_reverse_x
D:2:      layout_rooms, serial_curves, eino_curves_03, eino_curves_03,
          kennysheep_decorative_pillar, grunt_ministairs_15, uniq_jessica,
          uniq_terence
D:3:      layout_basic, elyvilon_altar_5, chequers_decorated_corner,
          minmay_hedge_maze, minmay_box_of_dots
D:4:      layout_loops_ring, kennysheep_vampire_church,
          gammafunk_ghost_stat_death, serial_shops, nicolae_stop_n_shop_2, shop,
          nicolae_take_the_stairs, sigmund_edmund_badplayer
D:5:      layout_cave_pools, mainiacjoe_overflow_catwalk,
          chequers_temple_overflow_statue_of_worship, minmay_temple_entry_tees,
          minmay_misc_feat_chi, uniq_edmund, uniq_prince_ribbit1, uniq_pikel

Notes
Turn   | Place    | Note
-------+----------+-------------------------------------------
     0 | D:1      | sakkuzi the Minotaur Berserker began the quest for the Orb.
     0 | D:1      | Reached XP level 1. HP: 19/19 MP: 0/0
     0 | D:1      | magus.rc [v1.9.6]
   110 | D:1      | Reached XP level 2. HP: 27/27 MP: 1/1
   228 | D:1      | Reached skill level 4 in Fighting
   228 | D:1      | Reached skill level 4 in Axes
   386 | D:1      | You pick up a book of Displacement {forbidden} and begin
                  | reading...
   386 | D:1      | You add the spells Lesser Beckoning, Gell's Gravitas and
                  | Teleport Other to your library.
   428 | D:1      | Reached XP level 3. HP: 33/33 MP: 2/2
   484 | D:1      | Reached skill level 3 in Armour
   767 | D:1      | Reached ** piety under Trog
  1148 | D:2      | You pick up a book of Armaments {forbidden} and begin
                  | reading...
  1148 | D:2      | You add the spells Stone Arrow, Animate Armour and
                  | Lehudib's Crystal Spear to your library.
  1161 | D:2      | Noticed Jessica
  1179 | D:2      | Killed Jessica
  1180 | D:2      | Reached skill level 3 in Dodging
  1180 | D:2      | Reached XP level 4. HP: 41/41 MP: 3/3
  1511 | D:2      | Noticed Terence
  1512 | D:2      | You pick up a book of Changes {forbidden} and begin
                  | reading...
  1512 | D:2      | You add the spells Beastly Appendage, Wereblood and Spider
                  | Form to your library.
  1534 | D:2      | Killed Terence
  2202 | D:3      | Found a white marble altar of Elyvilon.
  2220 | D:3      | Reached XP level 5. HP: 31/47 MP: 4/4
  2679 | D:4      | Found Plog's Jewellery Shoppe.
  2679 | D:4      | Found Nyocw's General Store.
  2692 | D:4      | Reached skill level 4 in Armour
  2723 | D:4      | Noticed a necrophage
  2733 | D:4      | Killed a necrophage
  2734 | D:4      | Reached skill level 5 in Fighting
  2734 | D:4      | Reached skill level 5 in Axes
  2734 | D:4      | Reached XP level 6. HP: 56/56 MP: 5/5
  2900 | D:4      | Reached skill level 4 in Dodging
  2918 | D:4      | Found Ciydigu's General Store.
  2919 | D:4      | You pick up a book of Callings {forbidden} and begin
                  | reading...
  2919 | D:4      | You add the spells Summon Small Mammal, Call Canine
                  | Familiar and Summon Guardian Golem to your library.
  3149 | D:4      | Found a transporter.
  3154 | D:4      | Noticed Spaninq's ghost (novice NaBr)
  3289 | D:4      | Noticed Edmund
  3300 | D:4      | Killed Edmund
  3300 | D:4      | Reached *** piety under Trog
  3301 | D:4      | Reached skill level 1 in Maces & Flails
  3590 | D:4      | Found a transporter.
  3815 | D:4      | Reached skill level 2 in Maces & Flails
  3818 | D:4      | Found an ancient bone altar of Kikubaaqudgha.
  3822 | D:4      | Reached XP level 7. HP: 59/61 MP: 6/6
  3925 | D:4      | Noticed Sigmund
  3931 | D:4      | Killed Sigmund
  3932 | D:4      | Reached skill level 3 in Maces & Flails
  3932 | D:4      | Reached skill level 5 in Armour
  4078 | D:5      | Entered Level 5 of the Dungeon
  4087 | D:5      | Reached skill level 6 in Fighting
  4090 | D:5      | Found a sparkling altar of Nemelex Xobeh.
  4115 | D:5      | Reached skill level 4 in Maces & Flails
  4146 | D:5      | You pick up a book of Decay {forbidden} and begin
                  | reading...
  4146 | D:5      | You add the spells Corpse Rot, Dispel Undead and Death
                  | Channel to your library.
  4169 | D:5      | Noticed Pikel
  4200 | D:5      | Reached skill level 5 in Dodging
  4236 | D:5      | Found a shimmering altar of Xom.
  4236 | D:5      | Noticed Prince Ribbit
  4243 | D:5      | Killed Prince Ribbit
  4244 | D:5      | Reached skill level 5 in Maces & Flails
  4244 | D:5      | Reached XP level 8. HP: 71/71 MP: 7/7
  4272 | D:5      | Reached skill level 6 in Armour
  4290 | D:5      | HP: 9/71 [Pikel (10)]
  4291 | D:5      | Mangled by Pikel

Vanquished Creatures
  Prince Ribbit (D:5)
  Sigmund (D:4)
  Edmund (D:4)
  A water moccasin (D:5)
  A necrophage (D:4)
  A black bear (D:5)
  4 lemures (D:5)
  A scorpion (D:5)
  2 vampire bats (D:4)
  A jelly (D:5)
  A hound (D:5)
  Jessica (D:2)
  Terence (D:2)
  2 iguanas
  An orc wizard (D:4)
  A scorpion zombie (D:5)
  3 gnolls (D:4)
  5 adders
  An ufetubus (D:4)
  3 dart slugs (D:1)
  3 orcs (D:4)
  5 bats
  A bat skeleton (D:4)
  5 bat zombies (D:4)
  4 endoplasms
  3 giant cockroaches (D:1)
  7 goblins
  8 hobgoblins
  8 jackals
  9 kobolds
  4 quokkas
  5 ball pythons
  5 frilled lizards
  4 rats (D:3)
104 creatures vanquished.

Table legend:
 A = Non-vault XP
 B = Vault XP
 C = Vault XP percentage of total XP
 D = Non-vault monster count
 E = Vault monster count
 F = Vault count percentage of total count
                 A         B        C        D         E       F
            +---------+---------+-------+---------+---------+-------
      Total |     953 |     845 |  47.0 |      82 |      18 |  18.0
            +---------+---------+-------+---------+---------+-------
        D:1 |      52 |       2 |   3.7 |      26 |       2 |   7.1
        D:2 |      36 |      75 |  67.6 |      14 |       3 |  17.6
        D:3 |      52 |       4 |   7.1 |      16 |       2 |  11.1
        D:4 |     296 |     513 |  63.4 |      19 |      10 |  34.5
        D:5 |     517 |     251 |  32.7 |       7 |       1 |  12.5
            +---------+---------+-------+---------+---------+-------

Illustrated notes

Table legend:
 A = Kills in this place as a percentage of kills in entire the game.
 B = Kills by you in this place as a percentage of kills by you in the entire game.
 C = Kills by friends in this place as a percentage of kills by friends in the entire game.
 D = Other kills in this place as a percentage of other kills in the entire game.
 E = Experience gained in this place as a percentage of experience gained in the entire game.
 F = Experience gained in this place divided by the number of levels of this place that you have seen.
                   A       B       C       D       E      F
               +-------+-------+-------+-------+-------+----------------------
         Total | 100.0 | 100.0 |   N/A |   N/A | 100.0 | 359.6
       Dungeon | 100.0 | 100.0 |   N/A |   N/A | 100.0 | 359.6
               +-------+-------+-------+-------+-------+----------------------

Table legend: (Time is in decaauts)
 A = Elapsed time spent in this place.
 B = Non-inter-level travel time spent in this place.
 C = Inter-level travel time spent in this place.
 D = Time resting spent in this place.
 E = Time spent auto-exploring this place.
 F = Levels seen in this place.
 G = Mean time per level.
                   A        B        C        D        E       F      G
               +--------+--------+--------+--------+--------+-----+--------+
         Total |   4349 |   4242 |    107 |   1098 |   1832 |   5 |  869.8 |
       Dungeon |   4349 |   4242 |    107 |   1098 |   1832 |   5 |  869.8 |
               +--------+--------+--------+--------+--------+-----+--------+

Top non-repeatable levels by time:
     D:4: 1431 daAuts
     D:1: 1045 daAuts
     D:2: 1014 daAuts
     D:3: 636 daAuts
     D:5: 221 daAuts
